 Dungeon Crawl Stone Soup version 0.29.1-13-g9f3cf754e1 (webtiles) character file.

Game seed: 7269522461543346695

79 booth the Stinger (level 4, -6/31 HPs)
             Began as a Demonspawn Venom Mage on Feb 7, 2023.
             Mangled by a gnoll
             ... wielding a +0 flail
              (9 damage)
             ... on level 2 of the Dungeon.
             The game lasted 00:20:44 (2887 turns).

booth the Stinger (Demonspawn Venom Mage)           Turns: 2887, Time: 00:20:45

Health: -6/31      AC: 12    Str: 10    XL:     4   Next: 16%
Magic:  0/7        EV: 12    Int: 17    God:
Gold:   90         SH:  4    Dex: 13    Spells: 1/7 levels left

rFire   . . .      SeeInvis .   k - +0 whip
rCold   + . .      Faith    .   (no shield)
rNeg    . . .      Spirit   .   a - +0 robe
rPois   .          Reflect  .   (no helmet)
rElec   .          Harm     .   (no cloak)
rCorr   .          Rampage  .   (no gloves)
Will    +....                   (no boots)
Stlth   ++........              (no amulet)
HPRegen 0.10/turn               e - ring of protection from cold
MPRegen 0.10/turn               i - ring of willpower

@: sanguine armoured
A: icemail 1, sanguine armour 1, condensation shield
a: no special abilities


You were on level 2 of the Dungeon.
You visited 1 branch of the dungeon, and saw 2 of its levels.

You collected 90 gold pieces.

Inventory:

Hand Weapons
 c - a +0 dagger
 g - a +0 mace
 k - a +0 whip (weapon)
 n - a +0 hand axe
Armour
 a - a +0 robe (worn)
 j - a +1 ring mail of poison resistance
 m - a +0 leather armour
Jewellery
 e - a ring of protection from cold (left hand)
 i - a ring of willpower (right hand)
Scrolls
 d - a scroll of silence {unknown}
 f - a scroll of vulnerability {unknown}
 l - a scroll of teleportation {unknown}
 o - 2 scrolls of amnesia {unknown}
Potions
 b - a potion of magic
 h - 2 potions of ambrosia {unknown}


   Skills:
 * Level 0.8 Fighting
 * Level 0.9 Maces & Flails
 + Level 1.8 Dodging
 + Level 1.9 Stealth
 + Level 0.1 Shields
 + Level 2.4 Spellcasting
 - Level 0.8 Transmutations
 * Level 0.7 Air Magic
 * Level 4.0 Poison Magic


You had one spell level left.
You knew the following spells:

 Your Spells              Type           Power      Damage    Failure   Level
a - Sting                 Tmut/Pois      40%        1d5       7%          1
b - Poisonous Vapours     Pois/Air       20%        N/A       11%         2
c - Mephitic Cloud        Conj/Pois/Air  7%         N/A       28%         3

Your spell library contained the following spells:

 Spells                   Type           Power      Damage    Failure   Level
 Olgreb's Toxic Radiance  Pois           15%        N/A       34%         4


Dungeon Overview and Level Annotations

Branches:
Dungeon (2/15)

Altars:


Innate Abilities, Weirdness & Mutations

A meltable icy envelope protects you from harm. (AC +4)
When seriously injured, your blood forms armour. (AC +6)
A meltable shield of frost defends you. (SH +4)


Message History

The sting hits the gnoll but does no damage.
The gnoll is poisoned.
The gnoll is severely wounded.
The gnoll shouts!
You hit the gnoll but do no damage.
The gnoll is severely wounded.
The gnoll hits you but does no damage.
You hit the gnoll.
The gnoll is almost dead.
The gnoll closely misses you. The gnoll attacks as you move away!
The gnoll closely misses you.
You kill the gnoll!
You have reached level 4!
You feel clever.
Your demonic ancestry asserts itself...
An icy envelope takes form around you.
Casting: Sting (safe; 7% risk of failure)
Confirm with . or Enter, or press ? or * to list all spells.
Aiming: Sting (safe; 7% risk of failure)
Press: ? - help, Shift-Dir - straight line, f - gnoll
Aim: a gnoll, wielding a +0 spear (lightly wounded, 75% to hit)
The sting hits the gnoll.
The gnoll is poisoned.
The gnoll is moderately wounded.
The gnoll barely misses you.
You closely miss the gnoll.
The gnoll is heavily wounded.
The gnoll hits you with a +0 spear.
* * * LOW HITPOINT WARNING * * *
You hit the gnoll.
The gnoll is severely wounded.
The gnoll hits you with a +0 spear.
* * * LOW HITPOINT WARNING * * *
You hit the gnoll.
You kill the gnoll!
Casting: Sting (safe; 7% risk of failure)
Confirm with . or Enter, or press ? or * to list all spells.
Aiming: Sting (safe; 7% risk of failure)
Press: ? - help, Shift-Dir - straight line, f - gnoll
Aim: a gnoll, wielding a +0 flail and quivering javelins (severely wounded, 75% to hit)
The sting misses the gnoll.
The gnoll hits you with a +0 flail!
You die...

# # # ########
.......####
######....############
# ##........)g@....# #
#..g..##########.#
##...## #.# ##.##
##.## #.# #...# #.#
#...# ##'## #####...#
##g..## #......##
##.....## ##.###..#


You could see a gnoll.

Vanquished Creatures
  3 gnolls (D:2)
  A dart slug (D:1)
  6 endoplasms
  7 giant cockroaches
  4 hobgoblins
  3 quokkas
  6 ball pythons
  2 bats
  3 frilled lizards
  A goblin (D:2)
  4 kobolds
  5 rats (D:1)
45 creatures vanquished.

Notes
Turn   | Place    | Note
-------+----------+-------------------------------------------
     0 | D:1      | booth the Demonspawn Venom Mage began the quest for the
                  | Orb.
     0 | D:1      | Reached XP level 1. HP: 13/13 MP: 3/3
   386 | D:1      | Gained mutation: A meltable shield of frost defends you.
                  | (SH +4) [demonic ancestry]
   386 | D:1      | Reached XP level 2. HP: 19/19 MP: 1/5
   704 | D:1      | You fall into a shaft and drop 1 floor!
   863 | D:2      | Learned a level 2 spell: Poisonous Vapours
   870 | D:2      | Gained mutation: When seriously injured, your blood forms
                  | armour. (AC +6) [demonic ancestry]
   870 | D:2      | Reached XP level 3. HP: 14/25 MP: 4/6
  1144 | D:2      | Found a faded altar of an unknown god.
  2677 | D:2      | Learned a level 3 spell: Mephitic Cloud
  2758 | D:2      | Reached skill level 4 in Poison Magic
  2881 | D:2      | Gained mutation: A meltable icy envelope protects you from
                  | harm. (AC +4) [demonic ancestry]
  2881 | D:2      | Reached XP level 4. HP: 8/31 MP: 1/7
  2887 | D:2      | Mangled by a gnoll

Illustrated notes

Levels and vault maps discovered:
D:1:      spicycebolla_green_bress_n_ham_2, layout_loops_ring,
          kennysheep_flooded_box, amcnicky_mini_pool_small, minmay_door_square
D:2:      layout_loops_corners, shapermc_ecumenical_altar_totnotflames,
          hangedman_decor_growths, nicolae_concentric_dashed_squares_wild,
          uniq_sigmund, uniq_jessica

Skill      XL: |  1  2  3 |
---------------+----------+-----
Poison Magic   | 4 |  4.0
Fighting       | |  0.8
Maces & Flails | |  0.9
Dodging        | |  1.8
Stealth        | |  1.9
Shields        | |  0.1
Spellcasting   | |  2.4
Transmutations | |  0.8
Air Magic      | |  0.7

Action                   |  1- 3 |  4- 6 || total
-------------------------+-------+-------++-------
Melee: Dagger            |    54 |       ||    54
       Whip              |    44 |     3 ||    47
 Cast: Sting             |    40 |     2 ||    42
       Poisonous Vapours |    14 |       ||    14
 Stab: Sleeping          |     1 |       ||     1
Armor: Robe              |    19 |       ||    19
Dodge: Dodged            |    57 |     1 ||    58
Block: Other             |    19 |       ||    19
